 Dungeon Crawl Stone Soup version 0.29.1-4-g47bece8355 (webtiles) character file.

Game seed: 12314375712597994575

25 Descartes the Trooper (level 2, -2/19 HPs)
             Began as a Deep Elf Wanderer on Dec 3, 2022.
             Slain by Terence
             ... wielding a +0 mace
              (8 damage)
             ... on level 2 of the Dungeon.
             The game lasted 00:01:43 (1086 turns).

Descartes the Trooper (Deep Elf Wanderer)           Turns: 1086, Time: 00:01:44

Health: -2/19      AC:  3    Str: 10    XL:     2   Next: 86%
Magic:  6/6        EV: 12    Int: 12    God:
Gold:   60         SH:  0    Dex: 17    Spells: 4/4 levels left

rFire   . . .      SeeInvis .   a - +2 sling
rCold   . . .      Faith    .   (no shield)
rNeg    . . .      Spirit   .   e - +0 robe
rPois   .          Reflect  .   (no helmet)
rElec   .          Harm     .   (no cloak)
rCorr   .          Rampage  .   c - +0 pair of gloves
Will    .....                   (no boots)
Stlth   ++........              (no amulet)
HPRegen 0.06/turn               (no ring)
MPRegen 0.10/turn               (no ring)

@: no status effects
A: no striking features
a: no special abilities


You were on level 2 of the Dungeon.
You visited 1 branch of the dungeon, and saw 2 of its levels.

You collected 60 gold pieces.

Inventory:

Hand Weapons
 a - a +2 sling (weapon)
 b - a +0 quarterstaff
Armour
 c - a +0 pair of gloves (worn)
 e - a +0 robe (worn)
Scrolls
 g - a scroll of enchant armour {unknown}
 h - a scroll of noise {unknown}
 i - 2 scrolls of identify {unknown}
Potions
 d - a potion of berserk rage
 f - a potion of curing {unknown}


   Skills:
 - Level 3.2 Fighting
 - Level 2.0 Staves
 - Level 2.6 Ranged Weapons
 - Level 1.0 Armour
 + Level 1.4 Dodging
 + Level 2.1 Stealth
 + Level 1.5 Spellcasting
 + Level 1.1 Conjurations


You had 4 spell levels left.
You didn't know any spells.
Your spell library was empty.

Dungeon Overview and Level Annotations

Branches:
Dungeon (2/15)

Altars:

Annotations:
D:2 Terence


Message History

You shoot a sling bullet. The sling bullet hits the goblin.
You kill the goblin!
No target in view!
Things that are here:
a +0 dagger; a goblin corpse You open the door.
Terence the Incautious comes into view.
He is wielding a +0 mace.
You shoot a sling bullet. The sling bullet hits Terence.
Terence shouts!
Terence is moderately wounded.
Terence says, "You're history."
You shoot a sling bullet. The sling bullet barely misses Terence.
You shoot a sling bullet.
The sling bullet closely misses Terence.
You shoot a sling bullet. The sling bullet barely misses Terence.
A rat comes into view.
You shoot a sling bullet. The sling bullet hits Terence.
Terence is severely wounded.
Terence drinks a potion.
Terence is healed!
You shoot a sling bullet. The sling bullet barely misses Terence.
Terence hits you with a +0 mace.
You shoot a sling bullet. The sling bullet hits Terence!
Terence is moderately wounded.
Terence looks scornfully at you. Terence barely misses you.
You shoot a sling bullet. The sling bullet hits Terence!
Terence is almost dead.
Terence shouts, "ATTACK!!!"
Terence hits you with a +0 mace. Terence closely misses you.
You shoot a sling bullet.
The sling bullet hits Terence but does no damage.
Terence is almost dead.
The rat bites you. Terence hits you with a +0 mace.
You shoot a sling bullet. The sling bullet barely misses Terence.
The rat bites you but does no damage. Terence hits you with a +0 mace.
You are too injured to fight recklessly!
You are too injured to fight recklessly!
Terence attacks as you move away! Terence hits you but does no damage.
Terence attacks as you move away! Terence hits you with a +0 mace!
You die...

# ######.# ###
#......#.. #.#
#......... #.#
#####........#
##'######...r......#.#
#......##..@@.........
#.......#.....####....
#.......#.....# #..#
##............# #..
#.###.##.....# #.
#.#...##.#####
#.#.#.##.# #.#.#.##.#
#.#.#.)..#


You could see Terence and a rat.

Vanquished Creatures
  A dart slug (D:1)
  An endoplasm (D:1)
  2 giant cockroaches (D:1)
  3 goblins
  3 hobgoblins (D:1)
  A kobold (D:1)
  A quokka (D:1)
  2 ball pythons (D:1)
  2 bats (D:1)
  5 frilled lizards (D:1)
21 creatures vanquished.

Notes
Turn   | Place    | Note
-------+----------+-------------------------------------------
     0 | D:1      | Descartes the Deep Elf Wanderer began the quest for the
                  | Orb.
     0 | D:1      | Descartes set off with the following items: a +2 sling, a
                  | +0 quarterstaff, a +0 pair of gloves, a potion of berserk
                  | rage, a +0 robe.
     0 | D:1      | Reached XP level 1. HP: 14/14 MP: 3/3
   273 | D:1      | Found a faded altar of an unknown god.
   394 | D:1      | Reached skill level 1 in Spellcasting
   394 | D:1      | Reached XP level 2. HP: 19/19 MP: 5/5
   399 | D:1      | Reached skill level 1 in Dodging
   502 | D:1      | Reached skill level 1 in Conjurations
  1072 | D:2      | Noticed Terence
  1086 | D:2      | Slain by Terence

Illustrated notes

Levels and vault maps discovered:
D:1:      dpeg_arrival_lava_altar, layout_loops_ring,
          chequers_ecumenical_altar_simple
D:2:      layout_basic, minmay_pentomino_pile, uniq_jessica,
          uniq_crazy_yiuf_cottage, uniq_terence

Skill      XL: |  1  2 |
---------------+-------+-----
Spellcasting   | 1 |  1.5
Dodging        | 1 |  1.4
Stealth        | 2 |  2.1
Conjurations   | 1 |  1.1
Fighting       | |  3.2
Staves         | |  2.0
Ranged Weapons | |  2.6
Armour         | |  1.0

Action                   || total
-------------------------++-------
 Fire: Sling             ||    66
Armor: Robe              ||     5
Dodge: Dodged            ||    15
